 Dungeon Crawl Stone Soup version 0.18.1-1-g2f07953 (webtiles) character file.

11403 Geppetto the Nimble (level 11, -6/48 HPs)
             Began as a Felid Conjurer on May 7, 2016.
             Was an Elder of Qazlal.
             Mangled by a crocodile (21 damage)
             ... on level 5 of the Lair of Beasts.
             The game lasted 04:16:51 (24074 turns).

Geppetto the Nimble (Felid Conjurer)               Turns: 24074, Time: 04:16:59

Health: -6/48      AC:  3    Str:  8    XL:     11   Next: 48%
Magic:  10/24      EV: 30    Int: 18    God:    Qazlal [****..]
Gold:   582        SH:  5    Dex: 20    Spells: 5 memorised, 12 levels left
                                        Lives:  0   Deaths: 3

rFire  + . .     SeeInvis +     (weapon unavailable)
rCold  + + .     Gourm    .     (armour unavailable)
rNeg   . . .     Faith    .     (shield unavailable)
rPois  +         Spirit   .     (helmet unavailable)
rElec  +         Dismiss  .     (cloak unavailable)
rCorr  +         Reflect  .     (gloves unavailable)
SustAt .         Harm     +     (boots unavailable)
MR     +....                    e - amulet of harm
Stlth  +++.......               (no ring)
                                d - +4 ring of strength

@: lethally poisoned (-6 -> -8), resistant, repel missiles, quick, somewhat
resistant to hostile enchantments, fairly stealthy
A: no armour, no weapons or thrown items, claws 1, fangs 3, see invisible,
carnivore 3, speed 1, shaggy fur 3, slow metabolism 1, sharp paws
a: Upheaval, Elemental Force, Renounce Religion


You were on level 5 of the Lair of Beasts.
You worshipped Qazlal.
Qazlal was greatly pleased with you.
You were not hungry.

You visited 2 branches of the dungeon, and saw 14 of its levels.

You collected 582 gold pieces.

Inventory:

Jewellery
 d - a +4 ring of strength (left paw)
 e - an amulet of harm (around neck)
 u - a cursed ring of loudness
Wands
 g - a wand of iceblast (0/15)
 l - a wand of slowing (18/48)
 p - a wand of iceblast (3/15)
 r - a wand of iceblast (0/15)
 v - a wand of iceblast (0/15)
 z - a wand of disintegration (12/24)
 C - a wand of flame (38/48)
 D - a wand of polymorph (11/24)
 F - a wand of acid (5/15)
 H - a wand of acid (8/15)
Scrolls
 m - 2 scrolls of enchant weapon
 n - 4 scrolls of remove curse
 w - 2 scrolls of recharging
Potions
 c - 2 potions of cure mutation
 f - 5 potions of flight
 k - 3 potions of mutation
 s - 2 potions of brilliance
 x - a potion of degeneration
 A - 2 potions of cancellation
 I - a potion of lignification
 K - a potion of invisibility {unknown}
Books
 a - a book of Conjurations

   Spells                             Type                      Level
   a - Magic Dart                     Conjuration                  1
   b - Searing Ray                    Conjuration                  2
   c - Dazzling Spray                 Conjuration/Hexes            3
   d - Fulminant Prism                Conjuration/Hexes            4
   e - Iskenderun's Mystic Blast      Conjuration                  4
   f - Iskenderun's Battlesphere      Conjuration/Charms           5
 i - Sif Muna's Volume of Twisted Enchantment
   (You found it on level 5 of the Dungeon)

   Spells                             Type                      Level
   a - Gell's Gravitas                Hexes/Translocation          3
   b - Agony                          Necromancy                   5
   c - Invisibility                   Hexes                        6
 o - a book of Party Tricks

   Spells                             Type                      Level
   a - Summon Butterflies             Summoning                    1
   b - Apportation                    Translocation                1
   c - Tukima's Dance                 Hexes                        3
   d - Alistair's Intoxication        Transmutation/Poison         5
   e - Invisibility                   Hexes                        6
 G - a book of the Tempests

   Spells                             Type                      Level
   a - Static Discharge               Conjuration/Air              3
   b - Lightning Bolt                 Conjuration/Air              5
   c - Fireball                       Conjuration/Fire             5
   d - Tornado                        Air                          9
   e - Shatter                        Earth                        9
Miscellaneous
 y - a stone of tremors (inert)
Comestibles
 b - 6 meat rations
 h - a slice of pizza
 j - a beef jerky


   Skills:
 + Level 6.2 Fighting
 + Level 11.7 Dodging
 - Level 9.0 Stealth
 - Level 8.0 Spellcasting
 * Level 10.4 Conjurations
 - Level 9.9 Hexes
 - Level 9.6 Charms


You had 12 spell levels left.
You knew the following spells:

 Your Spells              Type           Power        Failure   Level  Hunger
a - Magic Dart            Conj           ####         1%          1    None
b - Searing Ray           Conj           #####.       1%          2    None
c - Dazzling Spray        Conj/Hex       #####...     1%          3    #......
d - Tukima's Dance        Hex            #####...     1%          3    #......
e - Iskenderun's Battles  Conj/Chrm      #####...     4%          5    #####..


Dungeon Overview and Level Annotations

Branches:
Dungeon (9/15)             Temple (0/1) D:6            Lair (5/8) D:8
  Snake (0/4) Lair:3
  Swamp: Lair:3-6    Shoals: Lair:3-6       Orc: D:9-12

Altars:
Cheibriados
Fedhas
Nemelex Xobeh
Pakellas
Qazlal
Ru
Sif Muna
Trog
Yredelemnul
Zin
The Shining One

Annotations:
D:7 herpmino's ghost, novice VSAK
D:8 Sar's ghost, novice HuEn
Lair:3 exclusion: oklob plant
Lair:4 MagicLamp's ghost, journeyman DDFi


Innate Abilities, Weirdness & Mutations

You cannot wear armour.
You are incapable of wielding weapons or throwing items.
You have sharp claws.
You have razor-sharp teeth.
You have supernaturally acute eyesight.
You are carnivorous and can eat meat at any time.
You cover ground quickly.
Your thick and shaggy fur keeps you warm (AC +3, rC+).
You have a slow metabolism.
Your sharp claws are effective at attacking unaware monsters.


Message History

Read which item? (? for menu, Esc to quit)
This spell is very dangerous to cast!
Memorise Invisibility, consuming 6 spell levels and leaving 6?
Your memorisation is interrupted.
You feel sick. The worker ant barely misses you.
The worker ant moves out of view.
You block the crocodile's attack. The soldier ant closely misses you.
A worker ant and a soldier ant come into view.
Unknown command.
Casting: Iskenderun's Battlesphere
Confirm with . or Enter, or press ? or * to list all spells.
Okay, then.
Drink which item? (? for menu, Esc to quit)
It was a potion of resistance.
You feel protected.
The soldier ant twitches its antennae in your direction.
The soldier ant moves out of view.
The worker ant misses you. The soldier ant stings you.
The crocodile is engulfed in roaring flames.
The crocodile bites you!
You die...

.. . .. #.
#.#.### #
###..... .#
#.aaa.a#..
.
aaa§a..#...
#aaaaa....
#@a#


#ata#aa.# ..a§a§a a#..a #..aaaaaa .a . #.#..a...#( #. # ##..#...#. . ##..#.# ..
.## ## ## You could see a queen ant, 10 soldier ants, a crocodile and 20 worker
ants.

Vanquished Creatures
  Josephine (Lair:4)
  2 hydras
  4 elephants (Lair:3)
  3 black mambas
  10 spiny frogs
  2 komodo dragons
  A troll (D:8)
  8 blink frogs
  A dancing weapon (Lair:3)
  A wraith (Lair:4)
  23 yaks
  A basilisk (Lair:3)
  2 hippogriffs
  6 nagas
  Menkaure (D:4)
  A soldier ant (Lair:5)
  7 water moccasins
  Duvessa (D:7)
  6 porcupines
  A black bear (D:7)
  4 ogres
  2 phantoms
  15 wolves
  7 centaurs
  5 crocodiles
  10 giant frogs
  A wyvern skeleton (D:7)
  Dowan (D:7)
  4 scorpions
  The ghost of grom234 the Skirmisher, a weakling DsAK of Lugonu (D:3)
  4 wights
  A howler monkey (D:7)
  An electric eel (Lair:2)
  2 crimson imps (D:5)
  A jelly (D:8)
  6 hounds
  3 orc priests
  Crazy Yiuf (D:6)
  A giant frog skeleton (D:4)
  8 orc wizards
  6 worker ants
  9 iguanas
  A killer bee zombie (D:8)
  4 sheep (Lair:3)
  A hound skeleton (D:4)
  4 gnolls (D:4)
  10 adders
  48 river rats
  A shadow imp (D:8)
  2 oozes
  An adder zombie (D:5)
  3 adder skeletons
  2 worms
  5 dart slugs
  5 giant geckos
  33 orcs
  2 ball pythons
  6 bats
  6 giant cockroaches
  9 goblins
  9 hobgoblins
  23 jackals
  7 kobolds
  2 quokkas
  4 giant gecko skeletons
  6 rats
  A bush (Lair:1)
  16 fungi
  13 plants
399 creatures vanquished.

Vanquished Creatures (collateral kills)
  An ogre (D:6)
  3 wights
  2 orcs
6 creatures vanquished.

Vanquished Creatures (others)
  6 dancing weapons
  13 fungi
  18 plants
37 creatures vanquished.

Grand Total: 442 creatures vanquished

Notes
Turn   | Place    | Note
--------------------------------------------------------------
     0 | D:1      | Geppetto the Felid Conjurer began the quest for the Orb.
     0 | D:1      | Reached XP level 1. HP: 7/7 MP: 4/4
   529 | D:1      | Reached skill level 3 in Dodging
   529 | D:1      | Reached XP level 2. HP: 11/11 MP: 0/6
   580 | D:1      | Learned a level 2 spell: Searing Ray
  1341 | D:1      | Reached XP level 3. HP: 14/14 MP: 3/7
  2032 | D:2      | Found a sparkling altar of Nemelex Xobeh.
  2048 | D:2      | Found a faded altar to an unknown god.
  2214 | D:2      | Found a snail-covered altar of Cheibriados.
  2345 | D:2      | Reached XP level 4. HP: 18/18 MP: 2/8
  2949 | D:3      | Killed from afar by an orc wizard
  2950 | D:3      | Reached XP level 3. HP: -2/14 MP: 3/7
  2991 | D:3      | Reached skill level 4 in Dodging
  2991 | D:3      | Reached XP level 4. HP: 18/18 MP: 1/8
  3098 | D:3      | Learned a level 3 spell: Dazzling Spray
  3626 | D:3      | Noticed grom234's ghost (weakling DsAK)
  3634 | D:3      | Killed grom234's ghost
  3634 | D:3      | Reached skill level 5 in Conjurations
  3634 | D:3      | Reached XP level 5. HP: 21/21 MP: 1/9
  3768 | D:3      | Reached skill level 5 in Stealth
  4418 | D:3      | Found a glowing golden altar of the Shining One.
  4706 | D:4      | Noticed an ogre
  4714 | D:4      | Killed an ogre
  4714 | D:4      | Gained mutation: You are covered in thick fur (AC +2). [Felid growth]
  4714 | D:4      | Reached XP level 6. HP: 24/24 MP: 0/10
  4815 | D:4      | Reached skill level 5 in Dodging
  5398 | D:4      | Noticed Menkaure
  5733 | D:4      | Killed Menkaure
  5733 | D:4      | Reached XP level 7. HP: 27/27 MP: 4/11
  5810 | D:5      | Entered Level 5 of the Dungeon
  5961 | D:5      | Identified Sif Muna's Volume of Twisted Enchantment
  5987 | D:5      | Reached skill level 6 in Dodging
  6546 | D:5      | Reached XP level 8. HP: 28/31 MP: 4/12
  6719 | D:5      | Found a sacrificial altar of Ru.
  6793 | D:5      | Found a basalt altar of Yredelemnul.
  7040 | D:5      | Reached skill level 5 in Hexes
  7127 | D:5      | Learned a level 3 spell: Tukima's Dance
  7252 | D:6      | Found a stormy altar of Qazlal.
  7253 | D:6      | Found a glowing silver altar of Zin.
  7259 | D:6      | Became a worshipper of Qazlal Stormbringer
  7436 | D:6      | Reached skill level 7 in Dodging
  7479 | D:6      | Found a staircase to the Ecumenical Temple.
  7741 | D:6      | Found a blossoming altar of Fedhas.
  7977 | D:6      | Found a deep blue altar of Sif Muna.
  8605 | D:6      | Noticed Crazy Yiuf
  8611 | D:6      | Killed Crazy Yiuf
  8611 | D:6      | Reached * piety under Qazlal
  8787 | D:7      | Found a blossoming altar of Fedhas.
  8800 | D:7      | Noticed herpmino's ghost (novice VSAK)
  9403 | D:7      | Reached skill level 8 in Dodging
  9403 | D:7      | Reached XP level 9. HP: 29/34 MP: 0/13
 10726 | D:8      | Found a bloodstained altar of Trog.
 11328 | D:8      | Found a staircase to the Lair.
 11328 | D:8      | Noticed a troll
 11412 | D:8      | Mangled by a wolf
 11413 | D:8      | Reached XP level 8. HP: -7/31 MP: 0/12
 12062 | D:7      | Noticed Dowan
 12063 | D:7      | Noticed Duvessa
 12077 | D:7      | Killed Dowan
 12245 | D:7      | Killed Duvessa
 12965 | D:8      | Reached XP level 9. HP: 34/34 MP: 4/15
 12972 | D:8      | Learned a level 5 spell: Iskenderun's Battlesphere
 13003 | D:8      | Noticed Sar's ghost (novice HuEn)
 13013 | D:8      | Reached skill level 1 in Charms
 13032 | D:8      | Reached ** piety under Qazlal
 13948 | D:8      | Killed a troll
 14226 | Lair:1   | Entered Level 1 of the Lair of Beasts
 14415 | Lair:1   | Noticed a spiny frog
 14613 | Lair:1   | Killed a spiny frog
 14906 | Lair:1   | Reached XP level 10. HP: 37/37 MP: 4/16
 15218 | Lair:1   | Reached skill level 5 in Charms
 15638 | Lair:2   | Noticed a spiny frog
 15801 | Lair:2   | Noticed a five-headed hydra
 16004 | Lair:1   | Killed a spiny frog
 16314 | Lair:2   | Reached *** piety under Qazlal
 16361 | Lair:2   | Noticed a black mamba
 17032 | Lair:2   | Killed a five-headed hydra
 17076 | Lair:2   | Killed a black mamba
 17227 | Lair:2   | Reached skill level 1 in Fighting
 17484 | Lair:2   | Noticed a spiny frog
 17489 | Lair:2   | Killed a spiny frog
 17493 | Lair:2   | Noticed a spiny frog
 17500 | Lair:2   | Killed a spiny frog
 17500 | Lair:2   | Reached skill level 9 in Dodging
 17500 | Lair:2   | Reached XP level 11. HP: 28/43 MP: 2/18
 17927 | Lair:2   | Reached skill level 5 in Spellcasting
 19430 | Lair:2   | Reached skill level 10 in Dodging
 19522 | Lair:1   | Reached **** piety under Qazlal
 21961 | Lair:3   | Found an oddly glowing altar of Pakellas.
 21963 | Lair:3   | Noticed an oklob plant
 22194 | Lair:3   | Reached skill level 5 in Fighting
 22333 | Lair:3   | Reached skill level 11 in Dodging
 22333 | Lair:3   | Gained mutation: Your thick and shaggy fur keeps you warm (AC +3, rC+). [Felid growth]
 22333 | Lair:3   | Reached XP level 12. HP: 34/51 MP: 4/24
 23194 | Lair:3   | Noticed a four-headed hydra
 23199 | Lair:3   | Killed a four-headed hydra
 23269 | Lair:3   | Found a staircase to the Snake Pit.
 23369 | Lair:3   | Reached skill level 10 in Conjurations
 23651 | Lair:4   | Noticed MagicLamp's ghost (journeyman DDFi)
 23979 | Lair:4   | Slain by MagicLamp's ghost
 23980 | Lair:4   | Reached XP level 11. HP: -1/48 MP: 9/24
 23980 | Lair:4   | Noticed Josephine
 24011 | Lair:4   | Killed Josephine
 24072 | Lair:5   | Noticed a queen ant
 24074 | Lair:5   | Mangled by a crocodile

Skill      XL: |  1  2  3  4  5  6  7  8  9 10 11 12 |
---------------+-------------------------------------+-----
Dodging        | 3 4 5 6 8 9 11 | 11.7
Stealth        | 3 4 5 6 9 |  9.0
Conjurations   | 4 5 6 7 9 10 | 10.4
Hexes          | 2 4 8 9 |  9.9
Spellcasting   | 3 4 7 8 |  8.0
Charms         | 4 9 |  9.6
Fighting       | 1 6 |  6.2

Action                   |  1- 3 |  4- 6 |  7- 9 | 10-12 || total
-------------------------+-------+-------+-------+-------++-------
Melee: Unarmed           |    23 |     6 |    53 |    20 ||   102
       Bite              |     1 |       |    10 |     5 ||    16
 Cast: Magic Dart        |    91 |    69 |   163 |   240 ||   563
       Searing Ray       |     7 |    28 |    93 |    89 ||   217
       Dazzling Spray    |       |     3 |    44 |    14 ||    61
       Tukima's Dance    |       |       |    21 |     2 ||    23
       Iskenderun's Batt |       |       |       |    61 ||    61
Invok: Elemental Force   |       |       |       |     1 ||     1
Evoke: Wand              |       |     2 |     8 |     9 ||    19
       Stone of tremors  |       |       |       |     1 ||     1
  Use: Scroll            |     5 |     5 |    10 |    11 ||    31
       Potion            |     2 |     2 |     5 |     5 ||    14
 Stab: Invisible         |       |       |     2 |       ||     2
  Eat: Chunk             |    13 |    12 |    35 |    30 ||    90
       Meat ration       |       |       |       |     1 ||     1
Armor: Skin              |       |     6 |     3 |     4 ||    13
Dodge: Dodged            |    31 |    44 |   202 |   234 ||   511
       Deflected         |       |       |       |     1 ||     1
Block: Other             |       |       |     4 |    51 ||    55
